 Dungeon Crawl Stone Soup version 0.28-a0-503-g83f2989fac (webtiles) character file.

Game seed: 12896118626936328421

273 siradein the Shield-Bearer (level 6, -12/49 HPs)
             Began as a Formicid Fighter on Sept 21, 2021.
             Mangled by Blork the orc (13 damage)
             ... on level 4 of the Dungeon.
             The game lasted 00:07:53 (4785 turns).

siradein the Shield-Bearer (Formicid Fighter)       Turns: 4785, Time: 00:07:53

Health: -12/49     AC:  9    Str: 22    XL:     6   Next: 48%
Magic:  6/6        EV:  9    Int:  8    God:
Gold:   192        SH:  5    Dex: 10    Spells: 5/5 levels left

rFire   . . .      SeeInvis +   a - +0 war axe
rCold   . . .      Faith    .   c - +0 buckler
rNeg    . . .      Spirit   .   b - +0 scale mail
rPois   .          Reflect  .   (helmet unavailable)
rElec   .          Harm     .   (no cloak)
rCorr   .          Rampage  .   r - +0 pair of gloves
Will    .....                   q - +0 pair of boots
Stlth   ..........              (no amulet)
HPRegen 0.16/turn               (no ring)
MPRegen 0.10/turn               (no ring)

@: no status effects
A: permanent stasis, dig shafts and tunnels, antennae 3, four strong arms
a: Dig, Shaft Self


You were on level 4 of the Dungeon.
You visited 1 branch of the dungeon, and saw 4 of its levels.

You collected 192 gold pieces.

Inventory:

Hand Weapons
 a - a +0 war axe (weapon)
Missiles
 l - 2 throwing nets
Armour
 b - a +0 scale mail (worn)
 c - a +0 buckler (worn)
 q - a +0 pair of boots (worn)
 r - a +0 pair of gloves (worn)
Jewellery
 p - a ring of resist corrosion
Wands
 u - a wand of polymorph (3)
 v - a wand of iceblast (7)
Scrolls
 e - a scroll of enchant armour {unknown}
 f - 2 scrolls of immolation {unknown}
 g - 2 scrolls of noise {unknown}
 h - 2 scrolls of amnesia {unknown}
 i - 6 scrolls of identify {unknown}
 j - a scroll of magic mapping {unknown}
 s - 2 scrolls of teleportation {unknown}
 t - a scroll of fog {unknown}
Potions
 d - a potion of might
 k - a potion of curing
 m - a potion of degeneration {unknown}
 n - a potion of magic {unknown}
 o - 2 potions of heal wounds {unknown}


   Skills:
 + Level 4.6 Fighting
 + Level 3.5 Axes
 + Level 4.6 Armour
 + Level 5.1 Shields


You had 5 spell levels left.
You didn't know any spells.
Your spell library was empty.

Dungeon Overview and Level Annotations

Branches:
Dungeon (4/15)
 Temple: D:4-7

Altars:
Hepliaklqana
Nemelex Xobeh
Sif Muna
Uskayaw
Xom

Annotations:
D:2 1 runed translucent door, Crazy Yiuf
D:4 Blork the orc


Innate Abilities, Weirdness & Mutations

You cannot be hasted, slowed, berserked, paralysed or teleported.
You can dig through walls and to a lower floor.
You have a pair of large antennae on your head. (SInv)
Your four strong arms can wield two-handed weapons with a shield.


Message History

Blork the orc is lightly wounded.
You block Blork the orc's attack.
You barely miss Blork the orc.
Blork the orc is lightly wounded.
Blork the orc gestures at you while chanting.
The magic dart hits you.
Blork the orc begins to cast a cantrip, but forgets the words!
You slash Blork the orc!
Blork the orc is heavily wounded.
You block Blork the orc's attack.
You hit Blork the orc.
Blork the orc is heavily wounded.
Blork the orc hits you but does no damage.
You slash Blork the orc!
Blork the orc is almost dead.
Blork the orc sings a few bars from the Orcish anthem.
Blork the orc casts a spell at you. The magic dart hits you.
Blork the orc closely misses you.
You barely miss Blork the orc.
Blork the orc is almost dead.
Blork the orc casts a cantrip, but nothing happens.
You closely miss Blork the orc.
Blork the orc is almost dead.
Blork the orc grins evilly.
Blork the orc gestures at you while chanting.
The puff of flame hits you!
* * * LOW HITPOINT WARNING * * *
You closely miss Blork the orc.
Blork the orc is almost dead.
Blork the orc closely misses you.
Blork the orc hits you with a +0 battleaxe!
* * * LOW HITPOINT WARNING * * *
You hit Blork the orc but do no damage.
Blork the orc is almost dead.
Blork the orc casts a spell.
Blork the orc seems to speed up.
You hit Blork the orc.
Blork the orc is almost dead.
Blork the orc hits you with a +0 battleaxe!
You die...

#..#####..g....
#.....######
#..K..<#
#.....######.#
#..#####
##............#
#.......#######
+##+###'#.#
#.....#.#.#
#.....###.#
#'##+##'##'...#
#Ko@..#..#.###
#+###'#..#.#
#.....#..#.#
..'.._..+..+.#
..#.....#..#.#
#'###'#..#.# #.
[.#..#.# '
##'##+.# . .


You could see Blork the orc (fast) and a kobold (strong).

Vanquished Creatures
  An orc wizard (D:3)
  Natasha (thrice) (D:3)
  5 adders
  6 gnolls
  A howler monkey skeleton (D:4)
  A dart slug (D:3)
  3 orcs (D:3)
  5 endoplasms
  2 giant cockroaches
  3 goblins
  7 hobgoblins
  3 jackals
  5 quokkas
  3 ball pythons (D:1)
  4 bats
  3 frilled lizards
  3 kobolds
  4 rats
62 creatures vanquished.

Vanquished Creatures (others)
  A goblin (D:1)
  A rat (D:1)
  8 plants
10 creatures vanquished.

Grand Total: 72 creatures vanquished

Notes
Turn   | Place    | Note
-------+----------+-------------------------------------------
     0 | D:1      | siradein the Formicid Fighter began the quest for the Orb.
     0 | D:1      | Reached XP level 1. HP: 18/18 MP: 1/1
   263 | D:1      | Reached XP level 2. HP: 21/24 MP: 2/2
   884 | D:2      | Reached skill level 4 in Shields
   948 | D:2      | Reached XP level 3. HP: 25/29 MP: 3/3
  1299 | D:2      | Reached XP level 4. HP: 23/37 MP: 4/4
  1826 | D:2      | Found a hazy altar of Hepliaklqana.
  2669 | D:1      | Reached XP level 5. HP: 34/42 MP: 5/5
  2820 | D:2      | Found a runed translucent door.
  2821 | D:2      | Noticed Crazy Yiuf
  3955 | D:3      | Found a shimmering altar of Xom.
  3956 | D:3      | Found a hide-covered altar of Uskayaw.
  4125 | D:3      | Reached XP level 6. HP: 46/49 MP: 6/6
  4141 | D:3      | Found a sparkling altar of Nemelex Xobeh.
  4166 | D:3      | Noticed Natasha
  4175 | D:3      | Killed Natasha
  4176 | D:3      | Reached skill level 5 in Shields
  4474 | D:3      | Noticed Natasha
  4481 | D:3      | Killed Natasha
  4554 | D:3      | Noticed Natasha
  4559 | D:3      | Killed Natasha
  4623 | D:4      | Noticed Blork the orc
  4768 | D:4      | Found a shimmering blue altar of Sif Muna.
  4783 | D:4      | HP: 1/49 [Blork the orc (9)]
  4785 | D:4      | Mangled by Blork the orc

Illustrated notes

Levels and vault maps discovered:
D:1:      dpeg_arrival_tiny_g, layout_basic, serial_bayou, serial_bayou_pond_e,
          serial_bayou_pond_b, serial_bayou_pond_d, serial_bayou_pond_e,
          minmay_splitting_lines, lemuel_flame_loot_1
D:2:      layout_basic, basic_altar, uniq_crazy_yiuf_cottage
D:3:      layout_basic, nemelex_dance_club_becter,
          mainiacjoe_overflow_big_doors, serial_rivers,
          chequers_serial_rivers_micro_a, chequers_serial_rivers_small_a,
          chequers_serial_rivers_small_3, chequers_serial_rivers_room_a,
          chequers_serial_rivers_small_b, minmay_pentomino_pile, uniq_natasha
D:4:      layout_basic, mainiacjoe_overflow_24_doors, serial_bayou_lagoon_b,
          uniq_ijyb, uniq_blork_the_orc

Skill      XL: |  1  2  3  4  5  6 |
---------------+-------------------+-----
Shields        | 4 5 |  5.1
Fighting       | 4 |  4.6
Armour         | 4 |  4.6
Axes           | 3 |  3.5

Action                   |  1- 3 |  4- 6 || total
-------------------------+-------+-------++-------
Melee: War axe           |    60 |   156 ||   216
 Abil: Dig               |       |     1 ||     1
Armor: Scale mail        |    22 |    59 ||    81
Dodge: Dodged            |    21 |    66 ||    87
Block: Buckler           |    15 |    35 ||    50

Table legend: (Time is in decaauts)
 A = Elapsed time spent in this place.
 B = Non-inter-level travel time spent in this place.
 C = Inter-level travel time spent in this place.
 D = Time resting spent in this place.
 E = Time spent auto-exploring this place.
 F = Levels seen in this place.
 G = Mean time per level.
                   A        B        C        D        E       F      G
               +--------+--------+--------+--------+--------+-----+--------+
         Total |   4884 |   4690 |    194 |    570 |   3040 |   4 | 1221.0 |
       Dungeon |   4884 |   4690 |    194 |    570 |   3040 |   4 | 1221.0 |
               +--------+--------+--------+--------+--------+-----+--------+

Top non-repeatable levels by time:
     D:2: 1864 daAuts
     D:3: 1511 daAuts
     D:1: 1394 daAuts
     D:4: 114 daAuts
